 Dungeon Crawl Stone Soup version 0.31.0-11-ge490571c62 (webtiles) character file.

Game seed: 15748891455503648000

45 Marvel the Magician (level 3, -4/21 HPs)
             Began as an Octopode Hedge Wizard on Feb 8, 2024.
             Slain by a gnoll
             ... wielding a +0 halberd
             ... led by a gnoll bouda
              (14 damage)
             ... on level 2 of the Dungeon.
             The game lasted 00:02:21 (1403 turns).

Marvel the Magician (Octopode Hedge Wizard)         Turns: 1403, Time: 00:02:22

Health: -4/21      AC:  1    Str:  9    XL:     3   Next: 64%
Magic:  8/8        EV: 13    Int: 18    God:
Gold:   9          SH:  0    Dex: 11    Spells: 7/10 levels left

rFire   . . .        a - +0 dagger
rCold   . . .        (no shield)
rNeg    . . .        b - +0 hat
rPois   .            (no amulet)
rElec   .            (no ring)
rCorr   .            (no ring)
SInv    .            (no ring)
Will    .....        (no ring)
Stlth   +++          (no ring)
HPRegen 0.23/turn    (no ring)
MPRegen 0.11/turn    (no ring)
                     (no ring)

%: no passive effects
@: no status effects
A: almost no armour, amphibious, 8 rings, camouflage 1, gelatinous body 1,
(nimble swimmer 1), tentacles
a: no special abilities


You were on level 2 of the Dungeon.
You visited 1 branch of the dungeon, and saw 2 of its levels.

You collected 9 gold pieces.

Inventory:

Hand Weapons
 a - a +0 dagger (weapon)
Armour
 b - a +0 hat (worn)
Jewellery
 k - an amulet of guardian spirit
Scrolls
 e - a scroll of amnesia {unknown}
 g - a scroll of revelation {unknown}
 j - a scroll of vulnerability {unknown}
Potions
 c - a potion of magic
 d - a potion of invisibility {unknown}
 f - a potion of attraction {unknown}
 h - a potion of enlightenment {unknown}
 i - a potion of brilliance {unknown}


   Skills:
 + Level 0.3 Short Blades
 + Level 2.1 Dodging
 + Level 2.8 Stealth
 + Level 4.0 Spellcasting
 + Level 1.2 Conjurations
 + Level 1.0 Summonings
 + Level 1.0 Translocations


You had 7 spell levels left.
You knew the following spells:

 Your Spells              Type           Power      Damage    Failure   Level
a - Magic Dart            Conj           32%        1d4       9%          1
b - Call Imp              Summ           14%        N/A       14%         2

Your spell library contained the following spells:

 Spells                   Type           Power      Damage    Failure   Level
 Slow                     Hex            12%        N/A       14%         1
 Blink                    Tloc           14%        N/A       14%         2
 Cigotuvi's Dreadful Rot  Necr/Alch/Air  6%         N/A       22%         2
 Mephitic Cloud           Conj/Alch/Air  5%         N/A       36%         3


Dungeon Overview and Level Annotations

Branches:
Dungeon (2/15)

Altars:

Shops:
D:1 (


Innate Abilities, Weirdness & Mutations

You cannot wear most types of armour.
You are amphibious.
You can wear up to eight rings at the same time.
Your skin changes colour to match your surroundings (Stealth+).
Your rubbery body absorbs attacks. (AC +1, EV +1)
((You are camouflaged when in or above water. (Stealth+)))
You have tentacles for arms and can constrict up to eight enemies at once.


Message History

You constrict the gnoll.
Your cerulean imp hits the gnoll but does no damage.
You hit the gnoll.
The gnoll is almost dead.
You constrict the gnoll.
A gnoll comes into view. It is wielding a +0 spear.
The gnoll closely misses you.
Your cerulean imp hits the gnoll but does no damage.
You hit the gnoll.
You kill the gnoll!
An adder comes into view.
A gnoll bouda comes into view. It is wielding a +0 whip.
The gnoll misses you.
A gnoll comes into view. It is wielding a +0 club.
Your Spellcasting skill increases to level 4!
The gnoll barely misses you.
Your cerulean imp hits the gnoll bouda but does no damage.
Things that are here:
a +0 club; a gnoll corpse You closely miss the gnoll bouda.
Your grab misses the gnoll bouda.
A kobold comes into view. It is wielding a +0 dagger.
The gnoll hits you from afar with a +0 halberd!
The gnoll misses you.
Your cerulean imp hits the gnoll bouda with a -4 spear.
You hit the gnoll bouda. You grab the gnoll bouda.
The gnoll bouda is moderately wounded.
You constrict the gnoll bouda.
A gnoll comes into view. It is wielding a +0 whip.
The gnoll completely misses you. The gnoll bouda closely misses you.
The gnoll closely misses you.
Your cerulean imp hits the gnoll bouda but does no damage.
You hit the gnoll bouda.
The gnoll bouda is moderately wounded.
You constrict the gnoll bouda, but do no damage.
The gnoll hits you from afar with a +0 spear.
The gnoll bouda barks out a call to the hunt!
The gnolls pick up the pace!
The gnoll hits you from afar with a +0 halberd!
Ouch! That really hurt!
You die...

#### .. ...# ##.## ...#
#...# ...# #...# #..#
#...#
†..#######...##### #
.....#.......)...#S##.#
................@gggK.#
##.#.#..........5#g#g.#
...#.#####...##### #
#.>#.# #...# .....#
#...# ...### #...#
#.###### ##.## .......#
#.# ..####.####.#


You could see a gnoll bouda, 4 gnolls, an adder, a kobold and a friendly
cerulean imp (summoned).

Vanquished Creatures
  A gnoll (D:2)
  An adder (D:2)
  A ribbon worm (D:2)
  An endoplasm (D:1)
  2 giant cockroaches (D:1)
  2 hobgoblins
  3 ball pythons
  2 bats (D:1)
  A frilled lizard (D:1)
  2 goblins (D:1)
  5 kobolds
  2 rats (D:1)
23 creatures vanquished.

Vanquished Creatures (collateral kills)
  A bat (D:2)
  A giant cockroach (D:2)
  A kobold (D:2)
3 creatures vanquished.

Grand Total: 26 creatures vanquished

Notes
Turn   | Place    | Note
-------+----------+-------------------------------------------
     0 | D:1      | Marvel the Octopode Hedge Wizard began the quest for the
                  | Orb.
     0 | D:1      | Reached XP level 1. HP: 11/11 MP: 4/4
   427 | D:1      | Reached XP level 2. HP: 17/17 MP: 4/6
   586 | D:1      | Found Kiruirih's Weapon Emporium.
  1159 | D:2      | Reached XP level 3. HP: 21/21 MP: 6/8
  1162 | D:2      | Learned a level 2 spell: Call Imp
  1400 | D:2      | Reached skill level 4 in Spellcasting
  1403 | D:2      | Slain by a gnoll

Illustrated notes

Levels and vault maps discovered:
D:1:      dpeg_arrival_tiny_d, layout_loops_ring, serial_shops, shop,
          kennysheep_flooded_box, nicolae_houndstooth_variations
D:2:      layout_loops_cross

Skill      XL: |  1  2  3 |
---------------+----------+-----
Spellcasting   | 4 |  4.0
Short Blades   | |  0.3
Dodging        | |  2.1
Stealth        | |  2.8
Conjurations   | |  1.2
Summonings     | |  1.0
Translocations | |  1.0

Action                     || total
---------------------------++-------
  Melee: Dagger            ||    42
         Tentacles         ||     7
         Constrict         ||    10
         Punch             ||     1
   Cast: Magic Dart        ||    32
         Call Imp          ||     3
   Stab: Sleeping          ||     1
 Armour: Skin              ||    17
  Dodge: Dodged            ||    33
